 Dungeon Crawl Stone Soup version 0.27-a0-203-gd48b2df3c9 (webtiles) character file.

Game seed: 17176006626048255650

38 iamserjio the Skirmisher (level 3, 16/35 HPs)
             Began as a Gnoll Abyssal Knight on Jan 30, 2021.
             Was a Follower of Lugonu.
             Quit the game on level 2 of the Dungeon.
             The game lasted 00:02:10 (303 turns).

iamserjio the Skirmisher (Gnoll Abyssal Knight)      Turns: 303, Time: 00:02:10

Health: 16/35      AC:  3    Str:  9 (11) XL:     3   Next: 43%
Magic:  6/6        EV: 12    Int: 10 (12) God:    Lugonu [*.....]
Gold:   37         SH:  0    Dex:  8 (11) Spells: 3/3 levels left

rFire    . . .     SeeInvis .   h - -1 short sword (curse)
rCold    . . .     Faith    .   (no shield)
rNeg     . . .     Spirit   .   b - +0 leather armour
rPois    .         Reflect  .   (no helmet)
rElec    .         Harm     .   (no cloak)
rCorr    .         Rampage  .   (no gloves)
Will     .....                  (no boots)
Stlth    +.........             (no amulet)
HPRegen  0.11/turn              (no ring)
MPRegen  0.10/turn              (no ring)

@: brilliant
A: distributed training, fangs 1, strong nose
a: Renounce Religion, Depart the Abyss


You were on level 2 of the Dungeon.
You worshipped Lugonu.
Lugonu was aware of your devotion.
You visited 1 branch of the dungeon, and saw 2 of its levels.
You visited the Abyss 1 time.

You collected 37 gold pieces.

Inventory:

Hand Weapons
 a - a +1 hand axe
 h - a cursed -1 short sword (weapon)
Armour
 b - a +0 leather armour (worn)
Potions
 c - 3 potions of flight


   Skills:
 + Level 6.5 Fighting
 + Level 0.8 Short Blades
 + Level 0.8 Long Blades
 + Level 4.5 Axes
 + Level 0.8 Maces & Flails
 + Level 0.8 Polearms
 + Level 0.8 Staves
 + Level 0.8 Slings
 + Level 0.8 Bows
 + Level 0.8 Crossbows
 + Level 0.8 Throwing
 + Level 4.5 Armour
 + Level 2.6 Dodging
 + Level 0.8 Stealth
 + Level 0.8 Shields
 + Level 0.8 Unarmed Combat
 + Level 0.8 Spellcasting
 + Level 0.5 Conjurations
 + Level 0.5 Hexes
 + Level 0.5 Summonings
 + Level 0.5 Necromancy
 + Level 0.5 Translocations
 + Level 0.5 Transmutations
 + Level 0.5 Fire Magic
 + Level 0.5 Ice Magic
 + Level 0.5 Air Magic
 + Level 0.5 Earth Magic
 + Level 0.5 Poison Magic
 + Level 4.6 Invocations
 + Level 0.8 Evocations


You had 3 spell levels left.
You didn't know any spells.
Your spell library was empty.

Dungeon Overview and Level Annotations

Branches:
Dungeon (2/15)

Altars:


Innate Abilities, Weirdness & Mutations

Your experience applies equally to all skills.
You have very sharp teeth.
Your uncanny sense of smell can sniff out nearby items.


Message History

* * * LOW HITPOINT WARNING * * *
You feel sick. The adder misses you.
It was a potion of curing.
You feel better. The adder bites you but does no damage.
Okay, then.
You closely miss the adder. You bite the adder, but do no damage.
The adder completely misses you. The adder barely misses you.
You barely miss the adder. Your bite misses the adder.
The adder barely misses you.
You hit the adder.
You kill the adder!
There is an open door, spattered with blood here.
You open the door. As you open the door, it creaks loudly!
A giant cockroach comes into view.
The adder hisses angrily.
Okay, then.
It was a potion of degeneration.
There was something very wrong with that liquid.
You feel weakened.
You feel dopey.
You feel clumsy.

####......(..#
#.#..#.#..#
.......<..####
#.##'#.##'# ..........#
#.......... .......####
#.##'#.##†# .......
#.#..#.#..# .......######
#.#..+.+..# ............#
#.####.####
............#####........
.
........SB@.....#.#######
# .........###...#
.........# #####
##########


You could see an adder and a giant cockroach.

Vanquished Creatures
  A gnoll (D:1)
  An adder (D:2)
  A dart slug (D:2)
  A leopard gecko (D:2)
  A ball python (D:1)
  2 bats
  A hobgoblin (D:2)
  4 kobolds (D:2)
  3 goblins (D:2)
  2 rats
17 creatures vanquished.

Notes
Turn   | Place    | Note
-------+----------+-------------------------------------------
     0 | Abyss:1  | iamserjio the Gnoll Abyssal Knight began the quest for the
                  | Orb.
     0 | Abyss:1  | Reached XP level 1. HP: 23/23 MP: 3/3
    14 | D:1      | Escaped the Abyss
    89 | D:1      | Reached XP level 2. HP: 26/29 MP: 5/5
   234 | D:2      | Reached XP level 3. HP: 21/35 MP: 6/6
   303 | D:2      | Quit the game

Illustrated notes

Levels and vault maps discovered:
D:1:      eino_arrival_cavern_a, layout_basic, columned_hall_lemuel,
          minmay_bisected
D:2:      minmay_door_path, layout_basic, nemelex_xobeh_ov_fountains_minmay,
          minmay_misc_feat_encased, uniq_jessica, uniq_robin

Action                   || total
-------------------------++-------
Melee: Hand axe          ||    17
       Bite              ||     8
       Short sword       ||    54
  Use: Scroll            ||     3
       Potion            ||     3
Armor: Leather armour    ||    14
Dodge: Dodged            ||    55

Table legend: (Time is in decaauts)
 A = Elapsed time spent in this place.
 B = Non-inter-level travel time spent in this place.
 C = Inter-level travel time spent in this place.
 D = Time resting spent in this place.
 E = Time spent auto-exploring this place.
 F = Levels seen in this place.
 G = Mean time per level.
                   A        B        C        D        E       F      G
               +--------+--------+--------+--------+--------+-----+--------+
         Total |    307 |    307 |      0 |      0 |      0 |   3 |  102.3 |
       Dungeon |    293 |    293 |      0 |      0 |      0 |   2 |  146.5 |
         Abyss |     14 |     14 |      0 |      0 |      0 |   1 |   14.0 |
               +--------+--------+--------+--------+--------+-----+--------+

Top non-repeatable levels by time:
     D:2: 185 daAuts
     D:1: 108 daAuts
 Abyss:1: 14 daAuts
